Map: Dusk Towers

Players

Jerichons

  • Race: Zerg Zerg
  • League: Gold

capac - Winner!

  • Race: Terran Terran
  • League: Gold

VOD

Have the link to the VOD?

Description

Time

  • Played on: Feb. 9, 2016, 1:52 p.m.
  • Length: 5:02
Show
View Real Time Build Order
Export as new Build Order

Jerichons Zerg 

Build Orders: Pool First 

Get SALT Encoding   

  12  0:05  Drone  
  13  0:15  Drone  
  13  0:18  Extractor, Drone  
  14  0:25  Extractor, Drone  
  15  0:29  Overlord  
  15  0:48  Drone  
  16  0:50  Drone  
  17  0:59  Spawning Pool  
  17  1:00  Drone  
  18  1:11  Drone  
  18  1:21  Drone  
  19  1:32  Drone  
  20  1:42  Hatchery  
  19  1:48  Roach Warren  
  19  1:49  Drone  
  19  1:59  Queen  
  21  2:06  Overlord  
  21  2:27  Drone  
  21  2:28  Roach x2  
  26  2:39  Roach  
  28  2:50  Roach  
  30  2:57  Overlord  
  30  2:59  Queen  
  30  3:01  Drone  
  33  3:08  Drone x2  
  33  3:09  Drone  
  36  3:17  Overlord  
  36  3:19  Drone x2  
  38  3:23  Ravager x4  
  42  3:27  Drone x2  
  44  3:38  Drone x2  
  44  3:40  Overlord  
  46  3:41  Drone x2  
  48  3:53  Zergling x4  
  50  3:59  Drone  
  50  4:01  Drone  
  52  4:08  Overlord x3  
  52  4:19  Zergling x10  
Show
View Real Time Build Order
Export as new Build Order

capac Terran - Winner!

Build Orders:  

Get SALT Encoding   

  12  0:01  SCV  
  13  0:13  SCV  
  14  0:18  Supply Depot  
  14  0:25  SCV  
  15  0:40  SCV  
  15  0:42  Barracks  
  16  0:47  Refinery  
  16  0:52  SCV  
  17  1:04  SCV  
  18  1:16  SCV  
  19  1:30  Marine  
  20  1:36  Command Center  
  20  1:41  Supply Depot  
  20  1:42  SCV  
  21  1:48  Marine  
  22  1:54  Orbital Command  
  22  2:05  Factory  
  22  2:14  Barracks Tech Lab, Refinery  
  22  2:20  SCV  
  23  2:35  Barracks, Marine  
  24  3:04  Barracks  
  24  3:05  Barracks Tech Lab  
  24  3:13  Siege Tank  
  24  3:16  SCV  
  24  3:18  Orbital Command  
  28  3:30  Marine  
  29  3:35  SCV  
  29  3:37  Barracks Reactor  
  30  3:49  Siege Tank  
  30  3:54  Barracks Reactor  
  33  3:57  SCV  
  34  4:02  Supply Depot  
  34  4:14  Starport  
  34  4:40  Marine x2  
  34  4:44  Marine x2  
Tags
 
Add a new tag
Caveats
  • Supply blocks, unpowered buildings, or Contaminate may cause inaccurate times.
  • Supply counts are checked every 10 seconds.